 Dungeon Crawl Stone Soup version 0.29-a0-1006-g0dd7720b37 (webtiles) character file.

Game seed: 11743311664220108320

29 BritishOli the Trooper (level 3, 29/29 HPs)
             Began as a Demonspawn Fighter on Aug 6, 2022.
             Was an Initiate of Ashenzari.
             Got out of the dungeon alive.
             The game lasted 00:01:20 (1250 turns).

BritishOli the Trooper (Demonspawn Fighter)         Turns: 1250, Time: 00:01:20

Health: 29/29      AC:  6    Str: 18    XL:     3   Next: 1%
Magic:  3/3        EV:  9    Int:  9    God:    Ashenzari [......]
Gold:   35         SH:  4    Dex: 12    Spells: 2/2 levels left

rFire   . . .      SeeInvis .   a - +0 long sword
rCold   . . .      Faith    .   c - +0 buckler
rNeg    . . .      Spirit   .   b - +0 scale mail
rPois   .          Reflect  .   (helmet restricted)
rElec   .          Harm     .   (no cloak)
rCorr   .          Rampage  .   (no gloves)
Will    .....                   (no boots)
Stlth   ..........              k - amulet of regeneration
HPRegen 0.89/turn               (no ring)
MPRegen 0.08/turn               (no ring)

@: no status effects
A: antennae 1
a: Renounce Religion, Curse Item


You escaped.
You worshipped Ashenzari.
Ashenzari was noncommittal.
You visited 1 branch of the dungeon, and saw 1 of its levels.

You collected 35 gold pieces.

Inventory:

Hand Weapons
 a - a +0 long sword (weapon)
Armour
 b - a +0 scale mail (worn)
 c - a +0 buckler (worn)
Jewellery
 k - an amulet of regeneration (around neck)
Scrolls
 e - 2 scrolls of blinking {unknown}
 f - a scroll of poison {unknown}
 g - 2 scrolls of fear {unknown}
 j - a scroll of enchant weapon {unknown}
Potions
 d - a potion of might
 h - a potion of lignification {unknown}
 i - 2 potions of mutation {unknown}


   Skills:
 + Level 3.3 Fighting
 + Level 2.2 Long Blades
 + Level 3.0 Armour
 + Level 3.0 Shields


You had 2 spell levels left.
You didn't know any spells.
Your spell library was empty.

Dungeon Overview and Level Annotations

Branches:
Dungeon (1/15)

Altars:
Ashenzari


Innate Abilities, Weirdness & Mutations

You have a pair of small antennae on your head.


Message History

A giant cockroach comes into view.
A giant cockroach is nearby!
A giant cockroach is nearby!
A giant cockroach is nearby!
You completely miss the giant cockroach.
The giant cockroach bites you but does no damage.
A giant cockroach is nearby!
You slash the giant cockroach!
You kill the giant cockroach!
You have reached level 3!
Your experience leads to an increase in your attributes!
Increase (S)trength, (I)ntelligence, or (D)exterity?
You feel stronger. x2
You see here a ball python corpse.
There is a faded altar of an unknown god here.
You cannot tell which god this altar belongs to.
Convert to them anyway?
Ashenzari accepts your prayer! Ashenzari welcomes you!
Ashenzari warns you of distant threats and treasures.
Ashenzari reveals the structure of the dungeon to you.
Ashenzari shows you where magical portals lie.
Okay, then.
Ashenzari invites you to partake of a vision and a curse of cunning and introspection.
No target in view!
There is a broken altar of Ashenzari here.
There is a stone staircase leading down here.
A rat comes into view.
You hit the rat but do no damage. You block the rat's attack. x2
You hit the rat but do no damage. The rat closely misses you.
You closely miss the rat. The rat closely misses you.
You hit the rat.
You kill the rat!
No target in view!
No target in view!
No target in view!
No target in view!
No target in view!
You see here 7 stones.
There is an open door here.
There is a staircase leading out of the dungeon here.
Are you sure you want to leave the Dungeon?
This will make you lose the game!
You have escaped!

#......#.....## #.##.##.#
#.#.##........# #.......#
##.#.##........# ####.####
#....##........## #....#
#..####.........# #.####
#...............# #.#
#.######........# #.# #.#
#....###.# #.# #.# #.####@#.#
#.# #.######.####.#.# #.#
#.##.....#..#.#.# #.#
#......#.#.##.#####.##########
####.#.....'..>#..........##..
#.###...########.#####.##.#
#######.###.#..###.#
#.#####.##.#
............#......#
#.##.......#
......#.#####..[####
#.##.##.####


There were no monsters in sight!

Vanquished Creatures
  7 ball pythons (D:1)
  An endoplasm (D:1)
  2 giant cockroaches (D:1)
  3 hobgoblins (D:1)
  3 kobolds (D:1)
  5 quokkas (D:1)
  2 goblins (D:1)
  2 rats (D:1)
25 creatures vanquished.

Notes
Turn   | Place    | Note
-------+----------+-------------------------------------------
     0 | D:1      | BritishOli the Demonspawn Fighter began the quest for the
                  | Orb.
     0 | D:1      | Reached XP level 1. HP: 18/18 MP: 1/1
   324 | D:1      | Gained mutation: You have a pair of small antennae on your
                  | head. [demonic ancestry]
   324 | D:1      | Reached XP level 2. HP: 21/24 MP: 2/2
  1068 | D:1      | Found a faded altar of an unknown god.
  1098 | D:1      | Reached XP level 3. HP: 29/29 MP: 3/3
  1107 | D:1      | Prayed at the altar of an unknown god.
  1107 | D:1      | Became a worshipper of Ashenzari the Shackled
  1250 | D:$      | Got out of the dungeon alive.

Illustrated notes

Levels and vault maps discovered:
D:1:      amcnicky_arrival_choice, layout_loops_cross,
          shapermc_ecumenical_altar_venn, minivault_5

Skill      XL: |  1  2 |
---------------+-------+-----
Long Blades    | 2 |  2.2
Armour         | 3 |  3.0
Shields        | 3 |  3.0
Fighting       | |  3.3

Action                   || total
-------------------------++-------
Melee: Long sword        ||    90
Armor: Scale mail        ||    40
Dodge: Dodged            ||    43
Block: Buckler           ||    24

Table legend: (Time is in decaauts)
 A = Elapsed time spent in this place.
 B = Non-inter-level travel time spent in this place.
 C = Inter-level travel time spent in this place.
 D = Time resting spent in this place.
 E = Time spent auto-exploring this place.
 F = Levels seen in this place.
 G = Mean time per level.
                   A        B        C        D        E       F      G
               +--------+--------+--------+--------+--------+-----+--------+
         Total |   1281 |   1237 |     44 |      0 |   1030 |   1 | 1281.0 |
       Dungeon |   1281 |   1237 |     44 |      0 |   1030 |   1 | 1281.0 |
               +--------+--------+--------+--------+--------+-----+--------+

Top non-repeatable levels by time:
     D:1: 1281 daAuts
